 Dungeon Sprint DCSS version 0.26.1-11-gd32895ea62 (webtiles) character file.

Game seed: 8120603968892515618

1411 Dadi the Warrior (level 8, -2/91 HPs)
             Began as a Minotaur Berserker on July 28, 2021.
             Was a Priest of Trog.
             Slain by a demonic crawler (7 damage)
             ... in the Dungeon (Sprint I: "Red Sonja").
             The game lasted 00:01:55 (839 turns).

Dadi the Warrior (Minotaur Berserker)                Turns: 839, Time: 00:01:56

Health: -2/91      AC:  7    Str: 23    XL:     8   Next: 43%
Magic:  7/7        EV: 10    Int:  4    God:    Trog [***...]
Gold:   405        SH:  0    Dex: 11    Spells: 7/7 levels left

rFire    . . .     SeeInvis .   a - +0 mace
rCold    . . .     Faith    .   (no shield)
rNeg     . . .     Spirit   .   i - +1 scale mail {Will+}
rPois    .         Reflect  .   (helmet restricted)
rElec    .         Harm     .   (no cloak)
rCorr    .         Rampage  .   (no gloves)
Will     +....     NoTele   +   (no boots)
Stlth    ..........             (no amulet)
HPRegen  0.25/turn              (no ring)
MPRegen  0.10/turn              (no ring)

@: berserk cooldown, slowed, very slow
A: retaliatory headbutt, horns 2
a: Renounce Religion, Berserk, Trog's Hand


You were in the Dungeon.
You worshipped Trog.
Trog was most pleased with you.
You visited 1 branch You collected 405 gold pieces.


Innate Abilities, Weirdness & Mutations

You reflexively headbutt those who attack you in melee.
You have a pair of horns on your head.


   Skills:
 + Level 15.4 Fighting
 + Level 15.4 Maces & Flails
 - Level 2.4 Armour
 - Level 2.1 Dodging


You had 7 spell levels left.
You didn't know any spells.
Your spell library was empty.

Inventory:

Hand Weapons
 a - a +0 mace (weapon)
Missiles
 k - 15 poisoned darts
Armour
 b - a +0 animal skin
 i - a +1 scale mail of willpower (worn)
   (You took it off Ijyb in the Dungeon)
Scrolls
 h - a scroll of blinking {!r}
Potions
 c - a potion of curing {@q1}
 d - 3 potions of heal wounds {@q2}
 e - a potion of haste {@q3}
 f - 2 potions of magic
 g - a potion of berserk rage {!q}
 j - a potion of mutation {unknown}

Dungeon Overview and Level Annotations

Branches:
Dungeon (1/1)

Altars:
Cheibriados
Dithmenos
Elyvilon
Fedhas
Gozag
Hepliaklqana
Kikubaaqudgha
Makhleb
Nemelex Xobeh
Okawaru
Qazlal
Ru
Sif Muna
Trog
Uskayaw
Vehumet
Wu Jian
Xom
Yredelemnul
Zin
The Shining One
Jiyva
Lugonu

Shops:
D

[ ###################
..#..'..#__#..'.).#
..)..#..'..'..#)@s##+#
#'#####'#__####.Oss..#
..#...#.#### #####..+
###..##)# ## __##'#_.+
...÷..._# __##_.#'#
__###+#.# ### ###


You could see 3 demonic crawlers and a friendly two-headed ogre (summoned,
berserk).


Message History

Your mp is fully restored (7).
There is an open door here.
You feel a strong urge to attack something.
You are no longer berserk.
You are exhausted.
You feel yourself slow down. 😕 HP[-42]
You now have 91 max hp (-45).
Things that are here:
a +0 dagger; a +0 robe; a kobold corpse
Things that are here:
a +0 dagger; a +0 robe 😕 HP[+1] As you open the door, it creaks loudly! 4 demonic crawlers come into view.
The demonic crawler gives a hideous shriek! x4
The demonic crawler barely misses you. You furiously retaliate!
You headbutt the demonic crawler. The demonic crawler closely misses you.
The demonic crawler hits you. 😕 HP[-5]
You take 5 damage, and now have 82/91 hp.
You fail to use your ability.
The demonic crawler hits you. x3
The demonic crawler hits you but does no damage. x3 😕 HP[-9]
You take 9 damage, and now have 73/91 hp.
Your two-headed ogre goes berserk!
You can no longer call in reinforcements.
The demonic crawler closely misses you. The demonic crawler hits you. x3
The demonic crawler hits you but does no damage.
The demonic crawler hits you. 😮 HP[-16]
You take 16 damage, and now have 57/91 hp.
The demonic crawler barely misses you. You furiously retaliate!
You headbutt the demonic crawler. The demonic crawler barely misses you.
The demonic crawler hits you.
Your two-headed ogre closely misses the demonic crawler.
Your two-headed ogre barely misses the demonic crawler.
The demonic crawler hits you. The demonic crawler closely misses you.
The demonic crawler hits you.
* * * LOW HITPOINT WARNING * * *
The demonic crawler closely misses you. You furiously retaliate!
You headbutt the demonic crawler, but do no damage.
The demonic crawler hits you but does no damage.
The demonic crawler completely misses you. 😨 HP[-12]
You take 12 damage, and now have 45/91 hp.
You hit the demonic crawler but do no damage.
You headbutt the demonic crawler, but do no damage.
Your two-headed ogre hits the demonic crawler with a +0 giant club!!
Your two-headed ogre hits the demonic crawler but does no damage.
The demonic crawler hits your two-headed ogre.
The demonic crawler hits your two-headed ogre but does no damage.
The demonic crawler hits your two-headed ogre!
The demonic crawler hits your two-headed ogre.
The demonic crawler barely misses your two-headed ogre.
The demonic crawler hits your two-headed ogre!
Your two-headed ogre completely misses the demonic crawler.
Your two-headed ogre hits the demonic crawler with a +0 giant spiked club!
You thump the demonic crawler! The demonic crawler hits you!
* * * LOW HITPOINT WARNING * * *
The demonic crawler barely misses you.
The demonic crawler hits you but does no damage.
The demonic crawler hits your two-headed ogre. x3
Your two-headed ogre hits the demonic crawler with a +0 giant club!
Your two-headed ogre closely misses the demonic crawler.
The demonic crawler hits you.
* * * LOW HITPOINT WARNING * * *
The demonic crawler hits you!
* * * LOW HITPOINT WARNING * * *
The demonic crawler hits you.
* * * LOW HITPOINT WARNING * * *
😱 HP[-24]
You take 24 damage, and now have 21/91 hp.
MASSIVE DAMAGE!! (PAUSE)
You thump the demonic crawler!
You kill the demonic crawler!
Trog accepts your kill. The demonic crawler hits you.
* * * LOW HITPOINT WARNING * * *
The demonic crawler completely misses you.
The demonic crawler hits you.
* * * LOW HITPOINT WARNING * * *
Your two-headed ogre hits the demonic crawler with a +0 giant club!
Your two-headed ogre hits the demonic crawler with a +0 giant spiked club.
The demonic crawler hits your two-headed ogre. x2
The demonic crawler hits your two-headed ogre! 😱 HP[-8]
You take 8 damage, and now have 13/91 hp.
You hit the demonic crawler.
The demonic crawler hits you but does no damage.
The demonic crawler closely misses you. The demonic crawler hits you!
* * * LOW HITPOINT WARNING * * *
Your two-headed ogre barely misses the demonic crawler.
Your two-headed ogre hits the demonic crawler with a +0 giant spiked club!
The demonic crawler barely misses you.
The demonic crawler completely misses you.
The demonic crawler misses you. The demonic crawler barely misses you.
The demonic crawler hits you!
You die...

Skill      XL: |  1  2  3  4  5  6  7 |
---------------+----------------------+-----
Fighting       | 6 8 10 11 13 15 | 15.4
Maces & Flails | 6 8 10 11 13 15 | 15.4
Armour         | |  2.4
Dodging        | |  2.1

Action                   |  1- 3 |  4- 6 |  7- 9 || total
-------------------------+-------+-------+-------++-------
Melee: Mace              |     5 |    14 |    15 ||    34
       Headbutt          |     1 |     2 |     5 ||     8
Invok: Berserk           |     2 |     3 |     1 ||     6
       Brothers in Arms  |       |       |     1 ||     1
Armor: Scale mail        |       |     3 |    11 ||    14
Dodge: Dodged            |       |     4 |    21 ||    25

Levels and vault maps discovered:
D:        dungeon_sprint_1 [red_sonja_temple_1, red_sonja_temple_small_1]

Notes
Turn   | Place    | Note
-------+----------+-------------------------------------------
     0 | D        | Dadi the Minotaur Berserker began the quest for the Orb.
     0 | D        | Reached XP level 1. HP: 19/19 MP: 0/0
     0 | D        | magus.rc [v1.10.3.2021-6-05.01:30:15PM]
     2 | D        | Noticed Ijyb
     5 | D        | Killed Ijyb
     6 | D        | Reached skill level 6 in Fighting
     6 | D        | Reached skill level 6 in Maces & Flails
     6 | D        | Reached XP level 2. HP: 30/30 MP: 1/1
   119 | D        | Noticed an ogre
   123 | D        | Killed an ogre
   124 | D        | Reached skill level 8 in Fighting
   124 | D        | Reached skill level 8 in Maces & Flails
   124 | D        | Reached XP level 3. HP: 41/41 MP: 2/2
   124 | D        | Reached XP level 4. HP: 49/49 MP: 3/3
   133 | D        | Noticed Sigmund
   141 | D        | Killed Sigmund
   141 | D        | Reached ** piety under Trog
   142 | D        | Reached skill level 10 in Fighting
   142 | D        | Reached skill level 10 in Maces & Flails
   142 | D        | Reached XP level 5. HP: 46/59 MP: 4/4
   212 | D        | Found an ornate altar of the Wu Jian Council.
   212 | D        | Found a shimmering blue altar of Sif Muna.
   214 | D        | Found a radiant altar of Vehumet.
   218 | D        | Reached skill level 11 in Fighting
   218 | D        | Reached skill level 11 in Maces & Flails
   218 | D        | Reached XP level 6. HP: 68/68 MP: 5/5
   336 | D        | Found Jewno's Antique Armour Emporium.
   336 | D        | Found an ancient bone altar of Kikubaaqudgha.
   336 | D        | Found a hazy altar of Hepliaklqana.
   336 | D        | Found a stormy altar of Qazlal.
   336 | D        | Found a hide-covered altar of Uskayaw.
   336 | D        | Found a blossoming altar of Fedhas.
   336 | D        | Found a bloodstained altar of Trog.
   336 | D        | Found an iron altar of Okawaru.
   336 | D        | Found a basalt altar of Yredelemnul.
   336 | D        | Found a glowing golden altar of the Shining One.
   336 | D        | Found a snail-covered altar of Cheibriados.
   336 | D        | Found a sacrificial altar of Ru.
   336 | D        | Found a glowing silver altar of Zin.
   336 | D        | Found a shadowy altar of Dithmenos.
   336 | D        | Found a white marble altar of Elyvilon.
   336 | D        | Noticed a yak
   341 | D        | Killed a yak
   342 | D        | Reached skill level 12 in Fighting
   342 | D        | Reached skill level 12 in Maces & Flails
   342 | D        | Found an opulent altar of Gozag.
   343 | D        | Found a sparkling altar of Nemelex Xobeh.
   670 | D        | Found a viscous altar of Jiyva.
   670 | D        | Found a corrupted altar of Lugonu.
   670 | D        | Noticed a slime creature
   671 | D        | Found a burning altar of Makhleb.
   671 | D        | Found a shimmering altar of Xom.
   676 | D        | Killed a slime creature
   676 | D        | Reached *** piety under Trog
   677 | D        | Reached skill level 13 in Fighting
   677 | D        | Reached skill level 13 in Maces & Flails
   677 | D        | Reached XP level 7. HP: 79/79 MP: 6/6
   811 | D        | Noticed a kobold demonologist
   811 | D        | Noticed a kobold demonologist
   819 | D        | Killed a kobold demonologist
   820 | D        | Reached skill level 14 in Fighting
   820 | D        | Reached skill level 14 in Maces & Flails
   825 | D        | Killed a kobold demonologist
   825 | D        | Reached **** piety under Trog
   826 | D        | Reached skill level 15 in Fighting
   826 | D        | Reached skill level 15 in Maces & Flails
   826 | D        | Reached XP level 8. HP: 91/91 MP: 7/7
   832 | D        | Noticed a demonic crawler
   832 | D        | Noticed a demonic crawler
   832 | D        | Noticed a demonic crawler
   832 | D        | Noticed a demonic crawler
   837 | D        | HP: 21/91 [demonic crawler (4)]
   838 | D        | Killed a demonic crawler
   839 | D        | HP: 5/91 [demonic crawler (8)]
   839 | D        | Slain by a demonic crawler

Vanquished Creatures
  2 kobold demonologists (D)
  A demonic crawler (D)
  A slime creature (D)
  Sigmund (D)
  A yak (D)
  A floating eye (D)
  An ogre (D)
  A jelly (D)
  Ijyb (D)
10 creatures vanquished.

Table legend:
 A = Non-vault XP
 B = Vault XP
 C = Vault XP percentage of total XP
 D = Non-vault monster count
 E = Vault monster count
 F = Vault count percentage of total count
                 A         B        C        D         E       F
            +---------+---------+-------+---------+---------+-------
      Total |       0 |    2017 | 100.0 |       0 |      10 | 100.0
            +---------+---------+-------+---------+---------+-------
          D |       0 |    2017 | 100.0 |       0 |      10 | 100.0
            +---------+---------+-------+---------+---------+-------

Illustrated notes

Table legend:
 A = Kills in this place as a percentage of kills in entire the game.
 B = Kills by you in this place as a percentage of kills by you in the entire game.
 C = Kills by friends in this place as a percentage of kills by friends in the entire game.
 D = Other kills in this place as a percentage of other kills in the entire game.
 E = Experience gained in this place as a percentage of experience gained in the entire game.
 F = Experience gained in this place divided by the number of levels of this place that you have seen.
                   A       B       C       D       E      F
               +-------+-------+-------+-------+-------+----------------------
         Total | 100.0 | 100.0 |   N/A |   N/A | 100.0 | 2017.0
       Dungeon | 100.0 | 100.0 |   N/A |   N/A | 100.0 | 2017.0
               +-------+-------+-------+-------+-------+----------------------

Table legend: (Time is in decaauts)
 A = Elapsed time spent in this place.
 B = Non-inter-level travel time spent in this place.
 C = Inter-level travel time spent in this place.
 D = Time resting spent in this place.
 E = Time spent auto-exploring this place.
 F = Levels seen in this place.
 G = Mean time per level.
                   A        B        C        D        E       F      G
               +--------+--------+--------+--------+--------+-----+--------+
         Total |    884 |    884 |      0 |    724 |      0 |   1 |  884.0 |
       Dungeon |    884 |    884 |      0 |    724 |      0 |   1 |  884.0 |
               +--------+--------+--------+--------+--------+-----+--------+

Top non-repeatable levels by time:
       D: 884 daAuts
